woodfighter, lawful female dwarven Priestess ----- #.....######------- #|...| #......| %|{..-# |(....| #-----# -.....| ## # ------- # # # # # # # ### ---- # #---------- q-u.. # #|........| |YS.|# #|.<.*....| |..q@f #.........| |..q| ---------- ---- woodfighter the Acolyte Experience level: 4 Strength: 12 Dexterity: 11 Constitution: 13 Intelligence: 17 Wisdom: 13 Charisma: 11 Health: 0(43) Energy: 34(34) Def: 6 Gold: 393 Moves: 2070 Dungeon seed: eW4NAHoq3g8amtwK Game ID: woodfighter_1554595354 Your Inventory: Coins $ - 393 gold pieces Amulets H - an amulet versus poison (being worn) I - a cursed amulet versus poison Weapons a - a blessed +1 mace (weapon in hand) J - a cursed +1 spear Armor e - a +0 robe (being worn) n - a +0 small shield (being worn) y - a blessed +2 orcish helm (being worn) Y - a cursed +0 robe Comestibles c - a clove of garlic d - 2 sprigs of wolfsbane p - a banana u - 4 food rations Scrolls t - a scroll of light z - a scroll of scare monster B - a cursed scroll of charging C - 2 cursed scrolls of identify E - a scroll of water T - a scroll of identify Spellbooks g - a spellbook of create monster h - a spellbook of healing i - a spellbook of protection s - a spellbook of knock (in quiver) K - a cursed spellbook of protection L - a cursed spellbook of extra healing M - a cursed spellbook of light Potions b - 4 potions of holy water o - a potion of healing x - a potion of gain energy D - a cursed potion of restore ability G - 4 potions of unholy water Rings l - a +2 ring of gain strength r - a ring of sustain ability Wands f - a wand of cancellation (0:1) k - a wand of enlightenment (0:12) F - a cursed wand of cancellation (0:1) Tools v - a tallow candle (0:200) O - a cursed brass lantern (0:1454) P - a cursed oil lamp (0:1376) Gems q - a worthless piece of blue glass R - a cursed worthless piece of white glass Spells and supernatural/magical abilities: Name Level Category Fail Memory h - healing 1 healing 0% 90% p - protection 1 clerical 0% 90% O - create monster 2 clerical 0% 90% W - pray for help -- divine ? -- X - turn undead -- divine ? -- Your skills at the end: Miscellaneous Skills shield [Basic] wands [Basic] Weapon Skills pick-axe [Basic] mace [Basic] Spellcasting Skills clerical spells [Basic] Final Attributes: You were fervently aligned. You were poison resistant. You were telepathic. You had infravision. You are dead. Vanquished creatures: a puppy a floating eye a kitten a kobold lord a centipede 2 coyotes 2 geckos 2 hobgoblins 4 giant rats a green mold 2 manes 5 jackals a fox 8 newts a goblin 2 grid bugs 6 lichens 2 kobold zombies 43 creatures vanquished. Voluntary challenges: You did not cause conflict. You were not invisible. You did not have reflection. You were not displaced. You were an atheist. You used a wielded weapon 44 times, starting on turn 4. You did not apply a unicorn horn. You did not use plumbed fixtures. You did not drink any magical draughts. You were illiterate. You never genocided any monsters. You never polymorphed an object. You never changed form. You used no wishes. You never split a pudding. You never wrote Elbereth's name. You never violated your personal moral code. Dungeon overview: The Dungeons of Doom: levels 1 to 5 Level 1 a sink a long staircase Level 2 a fountain Level 3 (water) an altar to Mars stairs to The Gnomish Mines Level 4 a fountain, a sink Level 5 <- You were here a fountain The Gnomish Mines: Level 4 stairs to The Dungeons of Doom History has recorded: On T:1 you entered the Dungeons of Doom to retrieve the Amulet of Yendor! On T:80 you reached level 2 of The Dungeons of Doom. On T:217 you reached level 3 of The Dungeons of Doom. On T:672 you advanced to experience level 2. On T:851 you reached level 1 of The Gnomish Mines. On T:946 you advanced to experience level 3. On T:1154 you reached level 4 of The Dungeons of Doom. On T:1378 you reached level 5 of The Dungeons of Doom. On T:1889 you advanced to experience level 4. Score breakdown: Gold: 393 ( 39 points) Experience: 4 levels ( 300 points) Exploration: 5 levels ( 120 points) Discoveries: 21 items ( 1050 points) Variety of kills: 18 monsters ( 900 points) Major goal: (nothing yet) ( 0 points) Survival: died (score multiplied by 3) Total score: 7227 Latest messages: The giant rat misses. You kill the giant rat! The giant rat bites! You kill the giant rat! There is a doorway here. You see here a giant rat corpse. The monkey claws you! The monkey tries to snatch your helmet but gives up. The monkey bites! The rothe claws you! The rothe misses. The rothe bites! You hit the monkey! The monkey claws you! The monkey stole a cursed pair of hiking boots. The monkey tries to run away with your pair of hiking boots. The rothe claws you! The rothe bites! (2x) The rothe claws you! The rothe bites! The rothe misses. You hit the rothe! The rothe claws you! The rothe bites! (2x) The rothe claws you! The rothe bites! You die... Final status: Goodbye woodfighter the Priestess, killed by a rothe... You died in The Dungeons of Doom on dungeon level 5 with 7227 points, and 393 pieces of gold, after 2070 moves. You were level 4 with a maximum of 43 hit points when you died.